 Dungeon Crawl Stone Soup version 0.30.0-29-ga12c61a403 (webtiles) character file.

Game seed: 18358725738444475383

2951 Graphine the Trooper (level 9, 0/79 HPs)
             Began as a White Draconian Fire Elementalist on June 23, 2023.
             Was an Initiate of Vehumet.
             Slain by an unseen horror (4 damage)
             ... on level 6 of the Dungeon.
             The game lasted 00:22:45 (7212 turns).

Graphine the Trooper (DrFE)                         Turns: 7212, Time: 00:22:48

Health: 0/79       AC:  9    Str: 10    XL:     9   Next: 51%
Magic:  13/16      EV: 14    Int: 26    God:    Vehumet [......]
Gold:   368        SH:  0    Dex: 16    Spells: 8/17 levels left

rFire   . . .        o - +1 arbalest (heavy)
rCold   + . .        (shield currently unavailable)
rNeg    . . .        (body armour unavailable)
rPois   .            k - +2 hat
rElec   .            (no cloak)
rCorr   .            (no gloves)
SInv    .            (no boots)
Will    .....        n - amulet "Pylle" {Acrobat Dex+4}
Stlth   ++           h - +6 ring of intelligence
HPRegen 0.33/turn    (no ring)
MPRegen 0.15/turn

%: acrobat
@: studying Stealth
A: breathe frost, AC +7, unfitting armour, cold resistance 1, cold-blooded
a: Breathe Frost, Renounce Religion


You were on level 6 of the Dungeon.
You worshipped Vehumet.
Vehumet was noncommittal.
You visited 2 branches of the dungeon, and saw 7 of its levels.

You collected 368 gold pieces.

Inventory:

Hand Weapons
 b - a +0 dagger of flaming
 d - a +1 spear of venom
 i - a +5 dagger
 o - a +1 heavy arbalest (weapon)
Armour
 k - a +2 hat (worn)
Jewellery
 h - a +6 ring of intelligence (left hand)
 l - a ring of positive energy
 m - a ring of positive energy
 n - the amulet "Pylle" (around neck) {Acrobat Dex+4}
   (You found it on level 4 of the Dungeon)

   [amulet of the acrobat]

   It increases your evasion while moving and waiting.
   Dex:       It affects your dexterity (+4).
Wands
 c - a wand of iceblast (12)
 r - a wand of digging (4)
Scrolls
 q - 3 scrolls of identify
 t - a scroll of enchant armour {unknown}
 u - a scroll of summoning
Potions
 a - a potion of magic
 e - 3 potions of heal wounds
 f - a potion of might {unknown}
 g - 3 potions of curing {unknown}
 j - 2 potions of flight {unknown}
 p - a potion of resistance {unknown}
 s - a potion of invisibility


   Skills:
 * Level 7.2 Fighting
 + Level 4.5 Dodging
 - Level 1.7 Stealth
 + Level 4.3 Shields
 + Level 4.6 Spellcasting
 + Level 4.5 Conjurations
 - Level 4.0 Fire Magic
 * Level 6.3 Ice Magic


You had 8 spell levels left.
You knew the following spells:

 Your Spells              Type           Power      Damage    Failure   Level
a - Foxfire               Conj/Fire      100%       2x1d9     1%          1
b - Searing Ray           Conj           58%        2d6       1%          2
c - Volatile Blastmotes   Fire/Tloc      32%        2d12      11%         3
d - Inner Flame           Hex/Fire       16%        N/A       11%         3

Your spell library contained the following spells:

 Spells                   Type           Power      Damage    Failure   Level
 Magic Dart               Conj           100%       1d8       1%          1
 Scorch                   Fire           52%        2d7       2%          2
 Static Discharge         Conj/Air       36%        2-4/arc   4%          2
 Summon Small Mammal      Summ           24%        N/A       8%          1
 Flame Wave               Conj/Fire      28%        2d9       14%         4
 Call Canine Familiar     Summ           6%         N/A       24%         3
 Summon Guardian Golem    Hex/Summ       6%         N/A       24%         3
 Fulminant Prism          Conj/Hex       9%         3d7       30%         4
 Airstrike                Air            3%         2d(1-17)  61%         4
 Summon Lightning Spire   Summ/Air       6%         N/A       61%         4
 Blade Hands              Tmut           3%         N/A       91%         5
 Iron Shot                Conj/Erth      9%         9d3       99%         6
 Animate Armour           Summ/Erth      Unusable   N/A       N/A         4

Dungeon Overview and Level Annotations

Branches:
Dungeon (6/15)             Temple (1/1) D:6

Altars:
Ashenzari
Cheibriados
Dithmenos
Elyvilon
Fedhas
Gozag
Hepliaklqana
Kikubaaqudgha
Makhleb
Nemelex Xobeh
Qazlal
Ru
Sif Muna
Uskayaw
Vehumet
Wu Jian
Xom
Yredelemnul
Zin

Annotations:
D:4 2 runed translucent doors
Temple 2 transporters


Innate Abilities, Weirdness & Mutations

You can breathe waves of freezing cold which knock back foes.
Your icy white scales are hard. (AC +7)
You cannot fit into any form of body armour.
Your flesh is cold resistant. (rC+)
You are cold-blooded and may be slowed by cold attacks.


Message History

Casting: Foxfire (safe; 1% risk of failure)
Confirm with . or Enter, or press ? or * to list all spells.
You conjure some foxfire!
The two-headed ogre hits you with a +0 dire flail.
The two-headed ogre hits you with a +0 giant club!
You are too injured to fight recklessly!
Unknown command.
Casting: Foxfire (safe; 1% risk of failure)
Press: ? - help, Q - select action, (/) - cycle Dir - look around, f - activate
Okay, then.
Okay, then.
Fire: o) +1 arbalest (heavy)
Press: ? - help, Shift-Dir - straight line, f/p - two-headed ogre
Aim: a two-headed ogre, wielding a +0 dire flail and a +0 giant club (moderately wounded, ally target, 74% to hit)
You shoot a bolt. The bolt hits the two-headed ogre.
The two-headed ogre is moderately wounded.
The foxfire hits the two-headed ogre!
The two-headed ogre is heavily wounded.
The foxfire hits the two-headed ogre.
The two-headed ogre is heavily wounded.
The two-headed ogre hits you with a +0 dire flail.
* * * LOW HITPOINT WARNING * * *
The two-headed ogre closely misses you. The two-headed ogre barely misses you.
The two-headed ogre hits you with a +0 giant club!!
* * * LOW HITPOINT WARNING * * *
Casting: Foxfire (safe; 1% risk of failure)
Confirm with . or Enter, or press ? or * to list all spells.
You conjure some foxfire!
Fire: o) +1 arbalest (heavy)
Press: ? - help, Shift-Dir - straight line, f/p - two-headed ogre
Aim: a two-headed ogre, wielding a +0 dire flail and a +0 giant club (heavily wounded, ally target, 74% to hit)
You shoot a bolt. The bolt hits the two-headed ogre!!
The two-headed ogre is almost dead.
The foxfire hits the two-headed ogre.
The two-headed ogre is almost dead.
The foxfire hits the two-headed ogre.
You kill the two-headed ogre!
Vehumet accepts your kill. Something hits you.
You die...

.# #+ .. # .# .#.
.. .#.###..# #.
........#. .##
.#......' ..#
.#.....# #######.#
.#.....# ......#.#
.#..†..# ......{@#
.#.....# ......#.##
.#.....#########..#
.†......'.....#...#
#####.#.#.....#...#
#...#######..##
##...#...#...#
#...##.##...#
##...#)#....#


There were no monsters in sight!

Vanquished Creatures
  A two-headed ogre (D:6)
  Sigmund (D:3)
  2 water moccasins (D:6)
  An orc warrior (D:6)
  A black bear (D:5)
  An ogre (D:5)
  5 ice beasts
  5 phantoms
  2 gnoll sergeants (D:4)
  2 scorpions (D:6)
  A wight (D:4)
  3 killer bees (D:5)
  2 howler monkeys
  2 jellies (D:4)
  4 orc priests
  4 hounds
  3 sleepcaps
  3 iguanas (D:6)
  Natasha (thrice) (D:3)
  4 orc wizards
  12 adders
  10 gnolls
  5 shadow imps
  6 ufetubi
  2 dart slugs
  2 worms
  18 orcs
  7 ball pythons
  4 bats
  11 endoplasms
  4 giant cockroaches
  9 goblins
  5 hobgoblins
  5 kobolds (D:1)
  2 quokkas
  2 frilled lizards (D:2)
  9 rats
  2 foxfires (D:6)
165 creatures vanquished.

Vanquished Creatures (others)
  354 foxfires
354 creatures vanquished.

Grand Total: 519 creatures vanquished

Notes
Turn   | Place    | Note
-------+----------+-------------------------------------------
     0 | D:1      | Graphine the Draconian Fire Elementalist began the quest
                  | for the Orb.
     0 | D:1      | Reached XP level 1. HP: 14/14 MP: 3/3
   169 | D:1      | Reached XP level 2. HP: 17/22 MP: 1/5
   225 | D:1      | Learned a level 2 spell: Searing Ray
   315 | D:1      | Reached skill level 1 in Fighting
   628 | D:1      | Reached XP level 3. HP: 28/28 MP: 2/6
   699 | D:1      | Learned a level 3 spell: Volatile Blastmotes
   816 | D:1      | Found a faded altar of an unknown god.
  1236 | D:2      | Found a hazy altar of Hepliaklqana.
  1283 | D:2      | Reached skill level 1 in Shields
  1386 | D:2      | Reached skill level 2 in Fighting
  1386 | D:2      | Reached XP level 4. HP: 36/36 MP: 5/7
  2588 | D:3      | Noticed Sigmund
  2597 | D:3      | Killed Sigmund
  2598 | D:3      | Reached skill level 3 in Fighting
  2598 | D:3      | Reached XP level 5. HP: 33/45 MP: 4/9
  2598 | D:3      | Reached XP level 6. HP: 37/51 MP: 4/10
  2786 | D:3      | Found a burning altar of Makhleb.
  2956 | D:3      | Noticed Natasha
  2961 | D:3      | Killed Natasha
  3405 | D:3      | Noticed Natasha
  3413 | D:3      | Killed Natasha
  3483 | D:3      | Noticed Natasha
  3492 | D:3      | Killed Natasha
  3553 | D:4      | Learned a level 3 spell: Inner Flame
  4023 | D:4      | Found a large runed translucent door.
  4024 | D:4      | Found a large runed translucent door.
  4083 | D:4      | Your scales start taking on an icy white colour.
  4083 | D:4      | Reached XP level 7. HP: 38/58 MP: 5/11
  4083 | D:4      | Gained mutation: Your flesh is cold resistant. (rC+) [White
                  | Draconian growth]
  4091 | D:4      | Reached skill level 4 in Fighting
  4216 | D:4      | Found a large runed translucent door.
  4216 | D:4      | Found a large runed translucent door.
  4221 | D:4      | Identified the amulet "Pylle" {Acrobat Dex+4}
  4267 | D:4      | Reached skill level 1 in Ice Magic
  4833 | D:5      | Entered Level 5 of the Dungeon
  4951 | D:5      | Reached skill level 5 in Fighting
  4951 | D:5      | Reached XP level 8. HP: 68/68 MP: 4/13
  5937 | D:6      | Reached skill level 6 in Fighting
  6016 | D:6      | Reached skill level 5 in Ice Magic
  6175 | D:6      | Reached XP level 9. HP: 50/78 MP: 12/15
  6547 | D:6      | Found a staircase to the Ecumenical Temple.
  6553 | Temple   | Entered the Ecumenical Temple
  6553 | Temple   | Found a transporter.
  6553 | Temple   | Found a transporter.
  6555 | Temple   | Found a transporter.
  6555 | Temple   | Found a transporter.
  6667 | Temple   | Became a worshipper of Vehumet
  6927 | D:6      | Reached skill level 7 in Fighting
  7204 | D:6      | Noticed a two-headed ogre
  7210 | D:6      | HP: 3/79 [two-headed ogre/+0 dire flail (18)]
  7212 | D:6      | Killed a two-headed ogre
  7212 | D:6      | Slain by an unseen horror

Illustrated notes

Levels and vault maps discovered:
D:1:      psy_arrival_dodecagon, layout_basic,
          dilly_ecumenical_altar_fadedgnrine, wad_floor_pattern_1
D:2:      layout_basic, basic_altar, minmay_rat_gold_closets
D:3:      layout_loops_ring, bloody_makhleb, uniq_natasha, uniq_sigmund
D:4:      layout_gridville, minmay_hollow_rounded_squares
D:5:      layout_basic
D:6:      layout_basic, minmay_temple_entry_enclosed_plants, serial_demonic,
          serial_demonic_d, serial_demonic_c, serial_demonic_b,
          serial_demonic_d, minmay_divided_ellipse
Temple:   hellmonk_temple_divided_pantheon

Skill      XL: |  1  2  3  4  5  6  7  8  9 |
---------------+----------------------------+-----
Fighting       | 1 2 3 5 6 7 |  7.2
Dodging        | 2 3 4 |  4.5
Shields        | 1 2 3 4 |  4.3
Conjurations   | 2 3 4 |  4.5
Fire Magic     | 4 3 4 |  4.0
Spellcasting   | 3 4 |  4.6
Ice Magic      | 3 5 6 |  6.3
Stealth        | |  1.7

Action                     |  1- 3 |  4- 6 |  7- 9 || total
---------------------------+-------+-------+-------++-------
  Melee: Unarmed           |     8 |       |       ||     8
         Tailslap          |     4 |     5 |       ||     9
         Club              |     2 |       |       ||     2
         Spear             |    14 |    63 |     1 ||    78
         Punch             |       |     1 |       ||     1
   Fire: Arbalest          |       |       |   123 ||   123
   Cast: Foxfire           |    38 |    74 |   123 ||   235
         Volatile Blastmot |       |     2 |     2 ||     4
         Inner Flame       |       |     1 |       ||     1
         Searing Ray       |       |       |     7 ||     7
    Use: Scroll            |       |     3 |     6 ||     9
   Stab: Sleeping          |       |     5 |       ||     5
 Armour: Skin              |     4 |    39 |    70 ||   113
  Dodge: Dodged            |    12 |    32 |   195 ||   239
